 Dungeon Crawl Stone Soup version 0.21-a0-528-gf531e82 (webtiles) character file.

62 robertstho the Gusty (level 3, -1/19 HPs)
             Began as a Deep Elf Air Elementalist on Dec 8, 2017.
             Killed by divine providence
             ... invoked by an orc priest
              (10 damage)
             ... on level 3 of the Dungeon.
             The game lasted 00:07:40 (2670 turns).

robertstho the Gusty (Deep Elf Air Elementalist)    Turns: 2670, Time: 00:07:41

Health: -1/19      AC:  2    Str:  5    XL:     3   Next: 85%
Magic:  8/10       EV: 13    Int: 20    God:
Gold:   81         SH:  0    Dex: 15    Spells: 6/9 levels left

rFire    . . .     SeeInvis .   o - +0 hand axe
rCold    . . .     Gourm    .   (no shield)
rNeg     . . .     Faith    .   a - +0 robe
rPois    .         Spirit   .   (no helmet)
rElec    .         Reflect  .   (no cloak)
rCorr    .         Harm     .   (no gloves)
MR       .....                  (no boots)
Stlth    ++........             (no amulet)
HPRegen  0.06/turn              (no ring)
MPRegen  0.12/turn              (no ring)

@: swift, very quick
A: no striking features
a: no special abilities


You were on level 3 of the Dungeon.
You were hungry.

You visited 1 branch of the dungeon, and saw 3 of its levels.

You collected 81 gold pieces.

Inventory:

Hand Weapons
 g - a +0 club
 o - a +0 hand axe (weapon)
Missiles
 h - 118 stones (quivered)
Armour
 a - a +0 robe (worn)
 r - a +0 pair of boots
Scrolls
 c - a scroll of fog {unknown}
 e - 2 scrolls of remove curse {unknown}
 f - 3 scrolls of identify {unknown}
 l - a scroll of magic mapping {unknown}
 m - 2 scrolls of teleportation {unknown}
 n - 2 scrolls of noise {unknown}
 q - a scroll of enchant armour {unknown}
Potions
 d - a potion of might {unknown}
 i - a potion of curing {unknown}
 j - a potion of agility {unknown}
 k - a potion of ambrosia {unknown}
Books
 b - a book of Air

   Spells                             Type                      Level
   a - Shock                          Conjuration/Air              1
   b - Swiftness                      Charms/Air                   2
   c - Static Discharge               Conjuration/Air              3
   d - Airstrike                      Air                          4
   e - Lightning Bolt                 Conjuration/Air              5
Comestibles
 p - a royal jelly
 s - a bread ration


   Skills:
 + Level 0.1 Fighting
 + Level 0.2 Axes
 + Level 0.2 Throwing
 + Level 2.8 Dodging
 - Level 3.0 Stealth
 * Level 3.5 Spellcasting
 + Level 1.6 Conjurations
 * Level 3.8 Air Magic


You had 6 spell levels left.
You knew the following spells:

 Your Spells              Type           Power        Failure   Level  Hunger
a - Shock                 Conj/Air       ##..         4%          1    None
b - Swiftness             Chrm/Air       ##......     10%         2    ##.....


Dungeon Overview and Level Annotations

Branches:
Dungeon (3/15)

Altars:
Dithmenos


Message History

s - a bread ration
Found a flail.
You see here a flail.
Done exploring.
Done exploring.
(D) Dungeon
Where to? (Enter - D:2, ? - help)
There is a stone staircase leading down here.
You climb downwards.
The ooze hits you. x2
There is a stone staircase leading up here.
The ooze misses you. The ooze hits you.
Casting: Shock
Confirm with . or Enter, or press ? or * to list all spells.
You feel quick. The ooze hits you.
Found 9 gold pieces.
The orc priest invokes the aid of Beogh against you.
Beogh smites you!
Ouch! That really hurt!
You die...

........#
####...<#
#...o#
#..o.#
#...o#
#....#
#...J#
#....###
#....@.#
#......#
##.....+
#.....#
#......
#$.....#
#......#
#....(.#


You could see an orc warrior, an orc priest, an orc wizard and an ooze.

Vanquished Creatures
  An adder (D:2)
  An ooze (D:2)
  2 worms (D:2)
  A dart slug (D:2)
  A leopard gecko (D:1)
  8 bats
  2 giant cockroaches
  3 goblins
  3 hobgoblins (D:1)
  3 quokkas
  3 frilled lizards
  7 kobolds
  3 rats (D:2)
38 creatures vanquished.

Notes
Turn   | Place    | Note
-------+----------+-------------------------------------------
     0 | D:1      | robertstho the Deep Elf Air Elementalist began the quest for the Orb.
     0 | D:1      | Reached XP level 1. HP: 10/10 MP: 6/6
   155 | D:1      | Reached XP level 2. HP: 15/15 MP: 5/8
  1060 | D:2      | Reached XP level 3. HP: 19/19 MP: 4/9
  2040 | D:2      | Found a shadowy altar of Dithmenos.
  2148 | D:3      | Noticed an orc warrior
  2393 | D:2      | Learned a level 2 spell: Swiftness
  2670 | D:3      | Killed from afar by an orc priest

Vault maps used:
D:1:      dpeg_arrival_rooms_b, minmay_bisected
D:2:      lemuel_doored_altar, first_bread, minmay_tromino_mix6
D:3:      nicolae_overflow_crystal_walls, dk_noncrumbling_4

Skill      XL: |  1  2  3 |
---------------+----------+-----
Stealth        | 3 |  3.0
Fighting       | |  0.1
Axes           | |  0.2
Throwing       | |  0.2
Dodging        | |  2.8
Spellcasting   | |  3.5
Conjurations   | |  1.6
Air Magic      | |  3.8

Action                   || total
-------------------------++-------
Melee: Club              ||    14
       Hand axe          ||    12
Throw: Stone             ||    36
 Cast: Shock             ||   131
       Swiftness         ||     1
  Eat: Bread ration      ||     1
Armor: Robe              ||    15
Dodge: Dodged            ||    52

Table legend:
 A = Spawn XP
 B = Non-spawn XP
 C = Spawn XP percentage of total XP
 D = Spawn monster count
 E = Non-spawn monster count
 F = Spawn count percentage of total count
 G = Total turns spent on level
                    A         B        C        D         E        F      G
               +---------+---------+-------+---------+---------+-------+---------
         Total |       0 |      89 |   0.0 |       0 |      38 |   0.0 |  2670
               +---------+---------+-------+---------+---------+-------+---------
           D:1 |       0 |      27 |   0.0 |       0 |      15 |   0.0 |  1253
           D:2 |       0 |      62 |   0.0 |       0 |      23 |   0.0 |  1402
               +---------+---------+-------+---------+---------+-------+---------
